 Dungeon Crawl Stone Soup version 0.21.1-1-g345015f (webtiles) character file.

229 twistedcrescendo the Scratcher (level 5, 0/22 HPs)
             Began as a Felid Transmuter on June 14, 2018.
             Slain by a bullfrog zombie (3 damage)
             ... on level 4 of the Dungeon.
             The game lasted 00:43:31 (4807 turns).

twistedcrescendo the Scratcher (Felid Transmuter)   Turns: 4807, Time: 00:43:32

Health: 0/22       AC:  1    Str: 12    XL:     5   Next: 71%
Magic:  10/10      EV: 18    Int: 15    God:
Gold:   167        SH:  0    Dex: 17    Spells: 7/10 levels left
                                        Lives:  0   Deaths: 1

rFire    . . .     SeeInvis +     - Unarmed
rCold    . . .     Gourm    .   (shield unavailable)
rNeg     . . .     Faith    .   (armour unavailable)
rPois    .         Spirit   .   (helmet unavailable)
rElec    .         Reflect  .   (cloak unavailable)
rCorr    .         Harm     .   (gloves unavailable)
MR       .....                  (boots unavailable)
Stlth    +++.......             (no amulet)
HPRegen  0.07/turn              j - +2 ring of strength
MPRegen  0.12/turn              u - +4 ring of strength

@: quick
A: very small, no armour, no weapons or thrown items, stealth, claws 1, fangs 3,
see invisible, carnivore, speed 1, shaggy fur 1, slow metabolism 1, sharp paws
a: no special abilities


You were on level 4 of the Dungeon.
You were very full.

You visited 1 branch of the dungeon, and saw 4 of its levels.

You collected 167 gold pieces.

Inventory:

Missiles
 a - 99 arrows
 d - 12 bolts
Jewellery
 j - a +2 ring of strength (left paw)
 u - a +4 ring of strength (right paw)
Wands
 s - a wand of disintegration (18)
Scrolls
 e - a scroll of identify
 g - a scroll of immolation {unknown}
 h - a scroll of random uselessness {unknown}
 i - a scroll of noise
 l - a scroll of magic mapping
 n - 2 scrolls of remove curse {unknown}
 o - 2 scrolls of blinking {unknown}
 p - 2 scrolls of teleportation {unknown}
 t - a scroll of fear {unknown}
Potions
 k - a potion of invisibility {unknown}
 m - 2 potions of agility
 r - a potion of ambrosia {unknown}
Books
 b - a book of Changes

   Spells                             Type                      Level
   a - Beastly Appendage              Transmutation                1
   b - Sticks to Snakes               Transmutation                2
   c - Spider Form                    Transmutation/Poison         3
   d - Ice Form                       Ice/Transmutation            4
   e - Blade Hands                    Transmutation                5
 q - a book of Changes

   Spells                             Type                      Level
   a - Beastly Appendage              Transmutation                1
   b - Sticks to Snakes               Transmutation                2
   c - Spider Form                    Transmutation/Poison         3
   d - Ice Form                       Ice/Transmutation            4
   e - Blade Hands                    Transmutation                5
 v - a book of Minor Magic

   Spells                             Type                      Level
   a - Magic Dart                     Conjuration                  1
   b - Blink                          Translocation                2
   c - Call Imp                       Summoning                    2
   d - Slow                           Hexes                        2
   e - Conjure Flame                  Conjuration/Fire             3
   f - Mephitic Cloud                 Conjuration/Poison/Air       3
Comestibles
 c - 5 rations
 f - 6 chunks of flesh


   Skills:
 + Level 1.2 Fighting
 - Level 2.8 Dodging
 * Level 3.6 Stealth
 + Level 4.9 Unarmed Combat
 + Level 3.1 Spellcasting
 + Level 3.4 Transmutations


You had 7 spell levels left.
You knew the following spells:

 Your Spells              Type           Power        Failure   Level  Hunger
a - Beastly Appendage     Tmut           ##....       4%          1    #......
b - Sticks to Snakes      Tmut           ##......     8%          2    ##.....


Dungeon Overview and Level Annotations

Branches:
Dungeon (4/15)
 Temple: D:4-7

Altars:
Makhleb

Shops:
D:4 (

Annotations:
D:2 Natasha
D:4 Abmis123's ghost, amateur HOAK


Innate Abilities, Weirdness & Mutations

You cannot wear armour.
You are incapable of wielding weapons or throwing items.
Your paws allow you to move quietly. (Stealth)
You have sharp claws.
You have razor-sharp teeth.
You have supernaturally acute eyesight. (SInv)
You are carnivorous and can eat meat at any time.
You cover ground quickly.
You are covered in fur. (AC +1)
You have a slow metabolism.
Your sharp claws are effective at attacking unaware monsters.


Message History

The bullfrog zombie barely misses you.
Abmis123's ghost hits you but does no damage.
You barely miss the bullfrog zombie.
The bullfrog zombie is moderately damaged.
The bullfrog zombie hits you.
The bullfrog zombie completely misses you.
You claw the bullfrog zombie!
The bullfrog zombie is heavily damaged.
Abmis123's ghost closely misses you. The bullfrog zombie misses you.
You scratch the bullfrog zombie.
The bullfrog zombie is severely damaged.
Abmis123's ghost barely misses you. The bullfrog zombie misses you.
You claw the bullfrog zombie!
The bullfrog zombie is almost destroyed.
Abmis123's ghost closely misses you. The bullfrog zombie hits you!
* * * LOW HITPOINT WARNING * * *
The bullfrog zombie barely misses you.
Your magical contamination has completely faded away.
The bullfrog zombie hits you.
You die...

#...........# #........##
#.#...####..###########.##
#.##)## ...............
#.##.# .######.####.##
#.##.# ......#.# #.#
#.##.# #...# #.# #.##.#
#.∩.# #.(
#.##.###########...## ###
#........@Z...W..#.W#
#.##.###########.##.# #
#.# #.##.## # #.# #.....#
#.##.##### ##.....#
#.......>#### ##...##
#............ #...#
#...#.##.#### #.#.#
##.##.##.# .#.#.#


You could see Abmis123's ghost and a bullfrog zombie.

Vanquished Creatures
  2 orc wizards (D:4)
  Terence (D:2)
  Natasha (D:2)
  A worker ant (D:4)
  4 adders
  An ooze (D:3)
  An adder skeleton (D:4)
  A worm (D:3)
  6 dart slugs
  2 leopard geckos
  10 orcs
  13 bats
  4 giant cockroaches
  9 goblins
  6 hobgoblins
  5 jackals
  5 frilled lizards
  6 kobolds
  8 rats
86 creatures vanquished.

Vanquished Creatures (collateral kills)
  A hobgoblin (D:3)
1 creature vanquished.

Grand Total: 87 creatures vanquished

Notes
Turn   | Place    | Note
-------+----------+-------------------------------------------
     0 | D:1      | twistedcrescendo the Felid Transmuter began the quest for the Orb.
     0 | D:1      | Reached XP level 1. HP: 9/9 MP: 4/4
   127 | D:1      | Reached XP level 2. HP: 9/12 MP: 3/6
   950 | D:1      | Learned a level 2 spell: Sticks to Snakes
   961 | D:2      | Reached XP level 3. HP: 14/15 MP: 5/7
   991 | D:2      | Noticed Natasha
  1007 | D:2      | Killed Natasha
  1007 | D:2      | Reached skill level 1 in Stealth
  1007 | D:2      | Reached skill level 4 in Unarmed Combat
  1072 | D:2      | Reached XP level 4. HP: 9/19 MP: 6/8
  1520 | D:2      | Noticed Natasha
  1534 | D:2      | Mangled by Natasha
  1535 | D:2      | Reached XP level 3. HP: -7/15 MP: 3/7
  1557 | D:2      | Noticed Terence
  1567 | D:2      | Killed Terence
  1567 | D:2      | Reached XP level 4. HP: 7/19 MP: 7/9
  2973 | D:3      | Found a burning altar of Makhleb.
  2974 | D:3      | Noticed a blizzard demon
  3771 | D:3      | Reached XP level 5. HP: 22/22 MP: 8/10
  4143 | D:3      | Noticed a neqoxec
  4143 | D:3      | Noticed a smoke demon
  4761 | D:4      | Noticed Abmis123's ghost (amateur HOAK)
  4775 | D:4      | Found Rumnykust's Weapon Emporium.
  4807 | D:4      | Slain by a bullfrog zombie

Skill      XL: |  1  2  3  4  5 |
---------------+----------------+-----
Stealth        | 2 3 |  3.6
Unarmed Combat | 4 |  4.9
Transmutations | 3 |  3.4
Spellcasting   | 3 |  3.1
Fighting       | |  1.2
Dodging        | |  2.8

Action                   |  1- 3 |  4- 6 || total
-------------------------+-------+-------++-------
Melee: Unarmed           |    79 |   182 ||   261
       Headbutt          |    14 |    17 ||    31
       Bite              |    11 |    11 ||    22
       Punch             |     1 |       ||     1
 Cast: Beastly Appendage |    18 |    33 ||    51
       Sticks to Snakes  |       |     6 ||     6
  Use: Scroll            |       |     6 ||     6
       Potion            |       |     1 ||     1
 Stab: Sleeping          |     2 |     2 ||     4
  Eat: Chunk             |     8 |    13 ||    21
Armor: Skin              |     6 |    14 ||    20
Dodge: Dodged            |    79 |   170 ||   249
